AoeStats
← kkkkkkkkkkkkkkkkk

Arena

508890750Analyzed
2v2 RM · 6d ago on Sep 24, 2026· 29m 57s· 4 players
Game mode
Random Map
Map size
Medium (4 player)
Population
200
Speed
Normal
Resources
Standard
Victory
Conquest
Starting age
Dark Age
Ending age
Imperial Age
RankedLock teamsTeams togetherTeam positionsShared explorationLock speedFull tech treeHidden civsTurbo modeCheats
Victory
Defeat
🇷🇺 Aztecs · Russia
869
+18
🇷🇺 Celts · Russia
869
+18
🇦🇷 Italians · Argentina
918
-25
🇺🇸 Danes · United States
915
-18
p1ton
11:31 Feudal Age
15:57 Castle Age
14:49 Double-Bit Axe
16:49 Gold Mining
22:39 Gold Shaft Mining
22:25 Bow Saw
27:12 Husbandry
kkkkkkkkkkkkkkkkk
9:40 Feudal Age
13:10 Horse Collar
18:30 Scale Mail Armor
19:21 Forging
19:16 Man-at-Arms
19:42 Arson
23:54 Castle Age
26:06 Long Swordsman
26:35 Gambesons
28:00 Iron Casting
27:41 Chain Mail Armor
28:28 Squires
thatmp
9:50 Feudal Age
8:10 Loom
9:57 Feudal Age
8:13 Loom
14:16 Castle Age
13:14 Double-Bit Axe
13:10 Horse Collar
13:24 Gold Mining
13:29 Stone Mining
13:26 Double-Bit Axe
14:47 Town Watch
15:47 Horse Collar
21:09 Wheelbarrow
20:38 Padded Archer Armor
22:19 Fletching
[ElGordo]
1:31 Loom
10:08 Feudal Age
13:51 Loom
16:13 Double-Bit Axe
18:38 Castle Age
17:14 Horse Collar
18:00 Stone Mining
25:20 Scale Barding Armor
26:11 Gold Mining
27:34 Padded Archer Armor
28:19 Stone Shaft Mining
Connection lost

Rejoining the realm…

Still unreachable

The connection could not be restored.

Session expired

The server has moved on; the page needs a fresh start.